Map: Flashback EE

Players

Eltraspi

  • Race: Protoss Protoss
  • Spawn Location: 11:00

Joakin

  • Race: Protoss Protoss
  • Spawn Location: 9:00

TheShooter

  • Race: Protoss Protoss
  • Spawn Location: 11:00

MrFercho - Winner!

  • Race: Zerg Zerg
  • League: Gold
  • Spawn Location: 7:00

TATORREA - Winner!

  • Race: Protoss Protoss
  • League: Gold
  • Spawn Location: 7:00

tigro - Winner!

  • Race: Terran Terran
  • League: Bronze
  • Spawn Location: 7:00

VOD

Have the link to the VOD?

Description

Time

  • Played on: Aug. 12, 2020, 10:16 p.m.
  • Length: 6:57
Show
View Real Time Build Order
Export as new Build Order

Eltraspi Protoss 

Build Orders:  

Get SALT Encoding   

  12  0:05  Probe  
  13  0:25  Probe  
  14  0:32  Pylon  
  14  0:38  Pylon  
  14  0:51  Probe  
  14  0:54  Pylon  
  15  1:03  Probe  
  16  1:10  Gateway  
  16  1:15  Probe  
  17  1:28  Probe  
  18  1:37  Forge  
  18  1:40  Probe  
  18  1:41  Assimilator  
  18  1:45  Assimilator  
  19  1:52  Probe  
  20  2:01  Pylon  
  21  2:14  Probe  
  21  2:26  Probe  
  22  2:31  Cybernetics Core  
  22  2:38  Probe  
  23  2:50  Probe  
  24  2:58  Pylon  
  24  3:02  Probe  
  25  3:14  Probe  
  26  3:26  Probe  
  27  3:37  Stargate  
  27  3:39  Probe  
  28  3:53  Stargate  
  28  4:09  Nexus  
  28  4:15  Pylon  
  28  4:20  Pylon  
  28  4:24  Void Ray  
  32  4:39  Pylon  
  7  5:40  Stargate  
Show
View Real Time Build Order
Export as new Build Order

Joakin Protoss 

Build Orders:  

Get SALT Encoding   

  12  0:00  Probe (Chrono Boost)  
  13  0:11  Probe (Chrono Boost)  
  14  0:21  Pylon  
  14  0:23  Probe  
  15  0:39  Probe  
  16  0:44  Gateway  
  16  0:51  Probe  
  16  0:54  Assimilator  
  17  1:03  Probe (Chrono Boost)  
  18  1:15  Probe (Chrono Boost)  
  18  1:18  Assimilator  
  19  1:20  Probe (Chrono Boost)  
  20  1:32  Cybernetics Core  
  20  1:39  Pylon, Probe  
  21  1:54  Nexus  
  21  1:57  Probe  
  22  2:03  Zealot  
  24  2:09  Probe (Chrono Boost)  
  24  2:12  Warp Gate (Chrono Boost)  
  25  2:19  Probe (Chrono Boost)  
  26  2:24  Probe (Chrono Boost)  
  26  2:27  Robotics Facility  
  27  2:39  Probe  
  28  2:47  Twilight Council  
  28  2:52  Probe  
  28  2:57  Gateway  
  29  3:12  Probe (Chrono Boost)  
  31  3:13  Probe (Chrono Boost)  
  31  3:22  Probe (Chrono Boost)  
  31  3:24  Probe (Chrono Boost)  
  31  3:25  Warp Prism  
  35  3:33  Probe  
  36  3:35  Gateway  
  36  3:38  Probe  
  37  3:48  Assimilator  
  37  3:50  Probe  
  37  3:51  Charge (Chrono Boost), Assimilator  
  38  4:02  Pylon  
  38  4:05  Pylon  
  38  4:06  Probe  
  38  4:08  Pylon  
  39  4:10  Probe  
  40  4:19  Probe  
  41  4:30  Probe  
  41  4:31  Probe  
  43  4:41  Observer  
  43  4:42  Probe  
  43  4:43  Probe  
  46  4:49  Gateway  
  46  4:51  Stalker, Gateway  
  46  4:52  Zealot x2  
  52  4:54  Probe  
  52  4:55  Probe  
  54  5:06  Probe  
  45  5:08  Gateway  
  45  5:11  Gateway  
  33  5:24  Zealot  
  33  5:25  Zealot x2  
  26  5:50  Stalker  
Show
View Real Time Build Order
Export as new Build Order

TheShooter Protoss 

Build Orders:  

Get SALT Encoding   

  12  0:23  Pylon  
  12  0:25  Probe  
  12  0:26  Pylon  
  13  0:37  Probe  
  14  0:49  Probe  
  15  0:50  Assimilator  
  15  0:55  Assimilator  
  15  1:01  Probe  
  16  1:13  Probe  
  17  1:25  Probe  
  18  1:38  Probe  
  19  1:40  Gateway  
  19  1:50  Forge, Probe  
  20  2:02  Probe  
  21  2:14  Probe  
  22  2:26  Probe  
  23  2:38  Probe  
  23  2:40  Nexus  
  23  2:42  Protoss Ground Weapons Level 1  
  24  2:50  Probe  
  25  3:00  Zealot  
  27  3:11  Pylon  
  27  3:19  Pylon  
  27  3:25  Pylon  
  27  3:27  Zealot  
  29  3:47  Cybernetics Core  
  29  4:03  Probe  
  29  4:06  Gateway  
  29  4:08  Gateway  
  30  4:15  Probe  
  31  4:26  Assimilator  
  31  4:27  Probe  
  31  4:30  Assimilator  
  32  4:39  Probe  
  32  4:42  Pylon  
  32  4:44  Pylon  
  33  4:47  Pylon  
  33  4:51  Stalker, Pylon, Probe  
  36  4:54  Stalker  
  36  4:59  Stalker  
  40  5:03  Probe  
  41  5:21  Stalker  
  43  5:40  Photon Cannon  
  43  5:41  Photon Cannon  
  42  5:55  Probe  
  40  6:07  Probe  
  12  6:19  Probe  
  12  6:20  Stalker  
  12  6:22  Stalker  
  12  6:23  Stalker  
  12  6:31  Probe  
  7  6:43  Probe  
Show
View Real Time Build Order
Export as new Build Order

MrFercho Zerg - Winner!

Build Orders: Pool First 

Get SALT Encoding   

  12  0:19  Spawning Pool  
  11  0:22  Drone  
  11  0:27  Drone  
  13  0:32  Drone  
  14  0:41  Overlord  
  14  1:01  Drone x2  
  16  1:11  Drone  
  16  1:14  Queen  
  20  1:18  Zergling x2  
  20  1:28  Zergling x2  
  20  1:32  Extractor  
  20  1:41  Zergling x2  
  21  1:53  Zergling x2  
  22  2:02  Overlord  
  22  2:20  Zergling x2  
  23  2:23  Zergling x8  
  27  2:38  Zergling x2  
  28  2:47  Metabolic Boost  
  28  2:49  Hatchery, Drone  
  28  3:01  Drone x2  
  28  3:02  Overlord x2  
  30  3:21  Drone  
  30  3:25  Queen  
  30  3:26  Zergling x2  
  37  3:27  Zergling x6  
  37  3:40  Zergling x2  
  38  3:49  Zergling x2  
  39  4:02  Zergling x2  
  40  4:16  Zergling x6  
  43  4:22  Lair  
  43  4:55  Zergling x18  
  43  4:57  Overlord x3  
  37  5:31  Zergling x12  
  41  5:42  Spore Crawler  
  38  5:59  Zergling x8  
  41  6:10  Drone  
  41  6:11  Drone  
  41  6:17  Zergling x2  
  41  6:18  Zergling x6  
Show
View Real Time Build Order
Export as new Build Order

TATORREA Protoss - Winner!

Build Orders: Mass Adepts 

Get SALT Encoding   

  12  0:04  Probe  
  13  0:16  Probe  
  14  0:28  Probe  
  15  0:30  Pylon  
  15  0:48  Probe  
  16  0:56  Gateway  
  16  0:57  Gateway  
  16  1:08  Gateway  
  16  1:13  Pylon  
  16  1:22  Probe  
  17  1:32  Assimilator  
  17  1:34  Probe  
  17  1:36  Pylon  
  18  1:40  Assimilator  
  18  1:42  Pylon  
  18  1:46  Probe  
  19  1:58  Probe (Chrono Boost), Cybernetics Core  
  20  2:10  Probe (Chrono Boost)  
  21  2:19  Probe (Chrono Boost)  
  22  2:24  Probe  
  23  2:33  Adept x2 (Chrono Boost)  
  27  2:41  Warp Gate  
  27  2:55  Adept x2  
  31  3:15  Twilight Council  
  31  3:25  Adept x2  
  35  3:28  Nexus  
  35  3:32  Pylon  
  35  3:35  Pylon  
  35  3:43  Resonating Glaives (Chrono Boost)  
  35  3:56  Adept x2  
  35  4:02  Probe  
  40  4:14  Probe  
  41  4:26  Adept x2  
  41  4:27  Probe  
  46  4:39  Probe  
  46  4:40  Probe  
  48  4:51  Probe  
  48  4:52  Probe  
  50  5:03  Probe  
  50  5:04  Probe  
  52  5:15  Probe  
  52  5:16  Probe  
  54  5:38  Stalker x2  
  56  6:17  Adept  
  56  6:18  Adept  
Show
View Real Time Build Order
Export as new Build Order

tigro Terran - Winner!

Build Orders:  

Get SALT Encoding   

  12  0:14  SCV  
  13  0:25  Supply Depot  
  13  0:26  SCV  
  14  0:38  SCV  
  15  0:47  Supply Depot  
  15  0:54  Barracks  
  15  1:02  Supply Depot  
  15  1:07  SCV  
  16  1:15  Refinery  
  16  1:19  SCV  
  16  1:23  Refinery  
  17  1:32  SCV  
  18  1:44  SCV  
  18  1:46  Marine  
  20  1:56  SCV  
  21  2:03  Marine  
  21  2:08  SCV  
  23  2:17  Factory  
  23  2:20  SCV  
  23  2:21  Marine  
  25  2:32  SCV  
  26  2:39  Marine  
  27  2:57  Marine  
  28  2:59  Orbital Command  
  28  3:02  Factory Tech Lab  
  28  3:04  Engineering Bay  
  28  3:17  Barracks Tech Lab  
  28  3:28  Siege Tank  
  28  3:33  Command Center  
  31  3:42  Missile Turret  
  31  4:07  Siege Tank  
  34  4:11  Missile Turret  
  34  4:18  Combat Shield  
  34  4:32  Starport  
  34  4:33  Missile Turret  
  34  4:46  Refinery  
  34  4:57  Missile Turret  
  34  5:19  Missile Turret  
  34  5:47  Missile Turret  
  34  6:11  Marine  
  34  6:13  Cyclone  
  34  6:17  Medivac  
  40  6:19  Missile Turret  
  40  6:23  SCV  
  41  6:27  Refinery  
  41  6:29  Marine  
  42  6:35  SCV  
Tags
 
Add a new tag
Caveats
  • Supply blocks, unpowered buildings, or Contaminate may cause inaccurate times.
  • Supply counts are checked every 10 seconds.